[ PARTIDA AOE2 · #481115721 ]
UnrankedTeutones vs Bohemians
[ ANÁLISIS DE REPETICIÓN · EXTRAÍDO DE LA PARTIDA GRABADA ]
Feudal
9:00
Castillos
24:05
Imperial
33:31
| APM promedio | 67.5 |
| APM pico | 128 |
| eAPM promedio | 37.9 |
| Aldeanos / militares | 125 / 72 |
Foco
⚔️ 47.4% · 🌾 52.6%
Skirmisher ×51 · Hand Cannoneer ×7 · Spearman ×4 · Teutonic Knight ×4 · Bombard Cannon ×3 · Archer ×2
Feudal
10:08
Castillos
13:36
Imperial
27:46
| APM promedio | 32.1 |
| APM pico | 67 |
| eAPM promedio | 22.7 |
| Aldeanos / militares | 151 / 168 |
Foco
⚔️ 33.1% · 🌾 66.9%
Knight ×161 · Trebuchet (Packed) ×4 · Scout Cavalry ×3
Feudal
11:33
Castillos
21:05
Imperial
—
| APM promedio | 17.9 |
| APM pico | 46 |
| eAPM promedio | 8.5 |
| Aldeanos / militares | 45 / 2 |
Foco
⚔️ 12.6% · 🌾 87.4%
Mangonel ×1 · Battering Ram ×1
Feudal
11:23
Castillos
15:03
Imperial
29:11
| APM promedio | 40.3 |
| APM pico | 75 |
| eAPM promedio | 24.6 |
| Aldeanos / militares | 161 / 124 |
Foco
⚔️ 30.9% · 🌾 69.1%
Camel Scout ×56 · Hand Cannoneer ×31 · Scout Cavalry ×25 · Trebuchet (Packed) ×7 · Monk ×3 · Petard ×2
Feudal
10:33
Castillos
14:20
Imperial
28:52
| APM promedio | 44.4 |
| APM pico | 89 |
| eAPM promedio | 24.7 |
| Aldeanos / militares | 150 / 110 |
Foco
⚔️ 20.8% · 🌾 79.2%
Knight ×63 · Spearman ×35 · Trebuchet (Packed) ×8 · Throwing Axeman ×3 · Monk ×1
Feudal
10:58
Castillos
15:01
Imperial
29:17
| APM promedio | 49.4 |
| APM pico | 72 |
| eAPM promedio | 26.6 |
| Aldeanos / militares | 191 / 261 |
Foco
⚔️ 29.9% · 🌾 70.1%
Spearman ×130 · Cavalry Archer ×124 · Monk ×6 · Trebuchet (Packed) ×1
Feudal
—
Castillos
—
Imperial
—
| APM promedio | 25.5 |
| APM pico | 54 |
| eAPM promedio | 15.3 |
| Aldeanos / militares | 97 / 77 |
Foco
⚔️ 29.6% · 🌾 70.4%
Genoese Crossbowman ×68 · Unknown (882) ×13 · Battering Ram ×5 · Mangonel ×2 · Petard ×1 · Trebuchet (Packed) ×1
Feudal
10:08
Castillos
13:46
Imperial
34:33
| APM promedio | 28.4 |
| APM pico | 50 |
| eAPM promedio | 19.2 |
| Aldeanos / militares | 133 / 119 |
Foco
⚔️ 38.7% · 🌾 61.3%
Skirmisher ×68 · Spearman ×47 · Mangonel ×2 · Scorpion ×2
Mapa de la partida
Recursos iniciales + cada clic de construcción. Líneas = muros · curvas = relieve. ◆ oro · ⬟ piedra · ● bayas · ✦ reliquia · ◌ hueco del cierre
Tu base· ✓ Cerrada en 24:05 · 6t muro · 2 puerta(s)
Base de 287840580· ✓ Cerrada en 13:36 · 0t muro · 3 puerta(s)
Base de 送你一朵小花花· ✓ Cerrada en 21:05 · 58t muro · 4 puerta(s)
Base de 网恋被骗50块· ✓ Cerrada en 15:03 · 1t muro · 2 puerta(s)
Base de 交给我坐中· ✓ Cerrada en 14:20 · 0t muro · 3 puerta(s)
Base de ojwe· ✓ Cerrada en 15:01 · 0t muro · 2 puerta(s)
Base de BiasIce6620· ✓ Cerrada en 13:20 · 0t muro · 3 puerta(s)
Base de 阿蒙· ✓ Cerrada en 13:46 · 0t muro · 2 puerta(s)
Terreno inicial suavizado · ◌ = hueco del cierre detectado · pasá el cursor para detalles
Inputs por minuto
— Yo win - - 287840580
Build order — Yo win
Primeras 150 de 340 acciones detectadas
| 0:01 | Crear | Villager (Male) |
| 0:02 | Crear | Villager (Male) |
| 0:02 | Crear | Villager (Male) |
| 0:03 | Construir | House |
| 0:05 | Construir | House |
| 0:13 | Construir | House |
| 0:19 | Crear | Villager (Male) |
| 1:19 | Crear | Villager (Male) |
| 1:47 | Construir | Lumber Camp |
| 1:52 | Crear | Villager (Male) |
| 2:09 | Crear | Villager (Male) |
| 2:50 | Crear | Villager (Male) |
| 3:11 | Crear | Villager (Male) |
| 3:39 | Crear | Villager (Male) |
| 4:00 | Crear | Villager (Male) |
| 4:25 | Crear | Villager (Male) |
| 4:25 | Crear | Villager (Male) |
| 4:43 | Crear | Villager (Male) |
| 5:24 | Construir | Mill |
| 5:30 | Crear | Villager (Male) |
| 5:33 | Crear | Villager (Male) |
| 5:56 | Investigar | Loom |
| 6:50 | Investigar | Feudal Age |
| 6:58 | Construir | House |
| 7:17 | Construir | Mining Camp |
| 7:34 | Construir | Mill |
| 7:43 | Crear | Villager (Male) |
| 7:43 | Crear | Villager (Male) |
| 9:00 | Edad | Edad Feudal |
| 9:06 | Construir | Blacksmith |
| 9:22 | Construir | Watch Tower |
| 9:29 | Crear | Villager (Male) |
| 9:53 | Investigar | Double-Bit Axe |
| 10:05 | Crear | Villager (Male) |
| 10:27 | Crear | Villager (Male) |
| 10:42 | Crear | Villager (Male) |
| 10:47 | Investigar | Fletching |
| 10:47 | Investigar | Fletching |
| 11:02 | Construir | House |
| 11:13 | Construir | Watch Tower |
| 11:28 | Crear | Villager (Male) |
| 11:28 | Crear | Villager (Male) |
| 12:24 | Construir | Watch Tower |
| 12:31 | Crear | Villager (Male) |
| 13:03 | Crear | Villager (Male) |
| 13:40 | Construir | Watch Tower |
| 13:48 | Crear | Villager (Male) |
| 14:01 | Crear | Villager (Male) |
| 14:12 | Construir | Farm |
| 14:14 | Construir | Farm |
| 14:45 | Crear | Villager (Male) |
| 14:45 | Crear | Villager (Male) |
| 14:53 | Construir | Farm |
| 14:54 | Construir | Farm |
| 15:05 | Crear | Villager (Male) |
| 15:14 | Investigar | Town Watch |
| 15:19 | Construir | House |
| 15:37 | Crear | Villager (Male) |
| 15:48 | Construir | Watch Tower |
| 15:52 | Construir | House |
| 15:53 | Construir | House |
| 16:16 | Crear | Villager (Male) |
| 16:17 | Crear | Villager (Male) |
| 16:20 | Construir | Farm |
| 16:42 | Crear | Villager (Male) |
| 16:56 | Crear | Villager (Male) |
| 16:58 | Construir | Farm |
| 17:03 | Investigar | Horse Collar |
| 17:03 | Investigar | Horse Collar |
| 17:09 | Construir | Farm |
| 17:13 | Construir | Market |
| 17:15 | Construir | Farm |
| 17:16 | Construir | Farm |
| 17:17 | Construir | Farm |
| 17:35 | Crear | Villager (Male) |
| 17:39 | Construir | Watch Tower |
| 17:47 | Crear | Villager (Male) |
| 17:49 | Construir | Farm |
| 17:59 | Crear | Villager (Male) |
| 18:11 | Crear | Villager (Male) |
| 18:15 | Construir | Farm |
| 18:21 | Construir | House |
| 18:22 | Construir | House |
| 18:31 | Construir | Stone Wall |
| 18:33 | Construir | Stone Wall |
| 18:36 | Construir | Stone Wall |
| 18:44 | Construir | Mining Camp |
| 19:20 | Construir | Watch Tower |
| 19:26 | Crear | Villager (Male) |
| 19:31 | Construir | Farm |
| 20:10 | Crear | Villager (Male) |
| 20:10 | Crear | Villager (Male) |
| 20:36 | Crear | Villager (Male) |
| 20:42 | Construir | Farm |
| 20:42 | Construir | Farm |
| 21:02 | Investigar | Castle Age |
| 21:03 | Investigar | Castle Age |
| 21:25 | Crear | Villager (Male) |
| 21:37 | Crear | Villager (Male) |
| 21:46 | Construir | Stone Wall |
| 21:47 | Construir | Stone Wall |
| 21:48 | Construir | Stone Wall |
| 22:02 | Investigar | Wheelbarrow |
| 22:13 | Crear | Villager (Male) |
| 22:44 | Construir | Mill |
| 23:44 | Construir | Mining Camp |
| 23:55 | Crear | Villager (Male) |
| 24:05 | Edad | Edad de los Castillos |
| 24:20 | Construir | Barracks |
| 24:28 | Crear | Villager (Male) |
| 24:56 | Crear | Villager (Male) |
| 25:02 | Investigar | Bow Saw |
| 25:06 | Crear | Spearman |
| 25:10 | Crear | Spearman |
| 25:27 | Construir | Castle |
| 25:32 | Investigar | Wheelbarrow |
| 25:34 | Investigar | Pikeman (upgrade) |
| 25:37 | Crear | Villager (Male) |
| 25:47 | Construir | Lumber Camp |
| 25:49 | Construir | Farm |
| 25:50 | Construir | Farm |
| 25:51 | Construir | Farm |
| 26:09 | Crear | Spearman |
| 26:13 | Crear | Spearman |
| 26:20 | Crear | Villager (Male) |
| 26:45 | Crear | Villager (Male) |
| 26:51 | Construir | University |
| 27:02 | Investigar | Bodkin Arrow |
| 27:13 | Crear | Teutonic Knight |
| 27:26 | Crear | Villager (Male) |
| 27:26 | Crear | Villager (Male) |
| 27:32 | Construir | Farm |
| 27:43 | Crear | Villager (Male) |
| 27:49 | Construir | Siege Workshop |
| 28:07 | Crear | Teutonic Knight |
| 28:11 | Crear | Villager (Male) |
| 28:16 | Crear | Mangonel |
| 28:26 | Crear | Teutonic Knight |
| 28:41 | Crear | Villager (Male) |
| 28:47 | Crear | Teutonic Knight |
| 28:55 | Crear | Villager (Male) |
| 29:03 | Crear | Villager (Male) |
| 29:26 | Crear | Villager (Male) |
| 29:37 | Construir | Farm |
| 29:50 | Crear | Villager (Male) |
| 30:12 | Investigar | Imperial Age |
| 30:15 | Crear | Villager (Male) |
| 30:17 | Construir | Town Center |
| 30:32 | Construir | Farm |
| 30:33 | Construir | Farm |
Build order — 287840580
Primeras 150 de 479 acciones detectadas
| 0:01 | Crear | Villager (Male) |
| 0:02 | Crear | Villager (Male) |
| 0:03 | Construir | House |
| 0:04 | Construir | House |
| 0:26 | Crear | Villager (Male) |
| 0:28 | Crear | Villager (Male) |
| 0:31 | Crear | Villager (Male) |
| 1:25 | Crear | Villager (Male) |
| 1:56 | Construir | Lumber Camp |
| 1:59 | Crear | Villager (Male) |
| 1:59 | Crear | Villager (Male) |
| 2:23 | Crear | Villager (Male) |
| 2:52 | Crear | Villager (Male) |
| 3:12 | Crear | Villager (Male) |
| 3:40 | Crear | Villager (Male) |
| 3:40 | Crear | Villager (Male) |
| 3:54 | Construir | House |
| 3:56 | Construir | House |
| 4:29 | Crear | Villager (Male) |
| 4:30 | Crear | Villager (Male) |
| 4:30 | Crear | Villager (Male) |
| 5:04 | Construir | Mill |
| 5:20 | Crear | Villager (Male) |
| 5:25 | Crear | Villager (Male) |
| 5:36 | Crear | Villager (Male) |
| 5:48 | Construir | Farm |
| 6:13 | Crear | Villager (Male) |
| 6:22 | Construir | Mill |
| 6:53 | Crear | Villager (Male) |
| 6:53 | Crear | Villager (Male) |
| 6:55 | Crear | Villager (Male) |
| 7:59 | Investigar | Feudal Age |
| 8:43 | Crear | Villager (Male) |
| 8:50 | Construir | House |
| 9:39 | Crear | Villager (Male) |
| 10:08 | Edad | Edad Feudal |
| 10:13 | Construir | Market |
| 10:15 | Construir | Blacksmith |
| 10:18 | Investigar | Double-Bit Axe |
| 11:11 | Investigar | Castle Age |
| 11:24 | Construir | Farm |
| 11:26 | Construir | Farm |
| 11:36 | Construir | House |
| 11:37 | Construir | House |
| 11:38 | Construir | House |
| 11:39 | Construir | House |
| 11:43 | Investigar | Horse Collar |
| 12:07 | Construir | Farm |
| 12:37 | Construir | Farm |
| 13:36 | Edad | Edad de los Castillos |
| 13:38 | Construir | Town Center |
| 13:40 | Crear | Villager (Male) |
| 13:46 | Crear | Villager (Male) |
| 14:15 | Construir | Town Center |
| 14:19 | Crear | Villager (Male) |
| 14:37 | Investigar | Bow Saw |
| 14:54 | Crear | Villager (Male) |
| 14:56 | Crear | Villager (Male) |
| 15:00 | Crear | Villager (Male) |
| 15:06 | Construir | Farm |
| 15:06 | Crear | Villager (Male) |
| 15:18 | Crear | Villager (Male) |
| 15:22 | Construir | Farm |
| 15:23 | Crear | Villager (Male) |
| 15:36 | Crear | Villager (Male) |
| 15:38 | Construir | Farm |
| 15:43 | Construir | Farm |
| 15:44 | Crear | Villager (Male) |
| 15:58 | Construir | Farm |
| 16:11 | Construir | Farm |
| 16:16 | Construir | Farm |
| 16:19 | Crear | Villager (Male) |
| 16:23 | Construir | Farm |
| 16:29 | Construir | Farm |
| 16:33 | Construir | Farm |
| 16:34 | Crear | Villager (Male) |
| 16:36 | Construir | Farm |
| 16:41 | Construir | Farm |
| 16:45 | Construir | Farm |
| 16:45 | Crear | Villager (Male) |
| 16:54 | Construir | Farm |
| 16:58 | Crear | Villager (Male) |
| 17:03 | Construir | Farm |
| 17:06 | Construir | Farm |
| 17:12 | Construir | Farm |
| 17:13 | Crear | Villager (Male) |
| 17:16 | Crear | Villager (Male) |
| 17:26 | Construir | Farm |
| 17:28 | Crear | Villager (Male) |
| 17:29 | Crear | Villager (Male) |
| 17:39 | Construir | Farm |
| 17:40 | Crear | Villager (Male) |
| 17:43 | Crear | Villager (Male) |
| 17:50 | Crear | Villager (Male) |
| 17:58 | Crear | Villager (Male) |
| 18:08 | Construir | Town Center |
| 18:09 | Crear | Villager (Male) |
| 18:12 | Crear | Villager (Male) |
| 18:23 | Crear | Villager (Male) |
| 18:24 | Crear | Villager (Male) |
| 18:29 | Crear | Villager (Male) |
| 18:34 | Construir | Mill |
| 18:35 | Construir | Farm |
| 18:36 | Construir | Farm |
| 18:42 | Crear | Villager (Male) |
| 18:52 | Investigar | Heavy Plow |
| 18:57 | Construir | House |
| 19:00 | Construir | House |
| 19:02 | Crear | Villager (Male) |
| 19:02 | Crear | Villager (Male) |
| 19:12 | Construir | Farm |
| 19:17 | Crear | Villager (Male) |
| 19:19 | Crear | Villager (Male) |
| 19:26 | Construir | Farm |
| 19:28 | Crear | Villager (Male) |
| 19:30 | Crear | Villager (Male) |
| 19:33 | Crear | Villager (Male) |
| 19:33 | Crear | Villager (Male) |
| 19:38 | Construir | Farm |
| 19:43 | Construir | House |
| 19:44 | Construir | House |
| 19:48 | Crear | Villager (Male) |
| 19:49 | Crear | Villager (Male) |
| 19:54 | Crear | Villager (Male) |
| 19:56 | Construir | Farm |
| 19:58 | Construir | Farm |
| 19:59 | Crear | Villager (Male) |
| 20:05 | Crear | Villager (Male) |
| 20:09 | Construir | Farm |
| 20:12 | Construir | Farm |
| 20:13 | Crear | Villager (Male) |
| 20:19 | Construir | Farm |
| 20:20 | Crear | Villager (Male) |
| 20:23 | Crear | Villager (Male) |
| 20:25 | Crear | Villager (Male) |
| 20:27 | Crear | Villager (Male) |
| 20:35 | Construir | Farm |
| 20:38 | Construir | Mill |
| 20:43 | Crear | Villager (Male) |
| 20:47 | Construir | Farm |
| 20:49 | Construir | Mill |
| 20:49 | Crear | Villager (Male) |
| 20:49 | Crear | Villager (Male) |
| 20:54 | Crear | Villager (Male) |
| 21:00 | Construir | Farm |
| 21:00 | Crear | Villager (Male) |
| 21:03 | Crear | Villager (Male) |
| 21:10 | Construir | Farm |
| 21:13 | Crear | Villager (Male) |
| 21:17 | Construir | Farm |
Build order — 送你一朵小花花
119 acciones detectadas en el replay
| 0:04 | Crear | Villager (Male) |
| 0:05 | Crear | Villager (Male) |
| 0:05 | Crear | Villager (Male) |
| 0:05 | Crear | Villager (Male) |
| 0:09 | Construir | House |
| 0:15 | Construir | House |
| 0:41 | Construir | House |
| 0:43 | Construir | House |
| 1:37 | Crear | Villager (Male) |
| 2:02 | Construir | Lumber Camp |
| 2:17 | Crear | Villager (Male) |
| 2:34 | Crear | Villager (Male) |
| 3:07 | Crear | Villager (Male) |
| 3:23 | Crear | Villager (Male) |
| 4:05 | Crear | Villager (Male) |
| 4:06 | Crear | Villager (Male) |
| 4:41 | Construir | Mill |
| 5:01 | Crear | Villager (Male) |
| 5:23 | Crear | Villager (Male) |
| 5:50 | Construir | Farm |
| 5:52 | Crear | Villager (Male) |
| 6:19 | Crear | Villager (Male) |
| 6:49 | Crear | Villager (Male) |
| 6:50 | Crear | Villager (Male) |
| 6:58 | Crear | Villager (Male) |
| 7:00 | Crear | Villager (Male) |
| 7:24 | Construir | Farm |
| 7:25 | Crear | Villager (Male) |
| 8:28 | Construir | House |
| 8:43 | Construir | Mining Camp |
| 8:53 | Construir | Mining Camp |
| 8:58 | Crear | Villager (Male) |
| 9:17 | Investigar | Feudal Age |
| 9:57 | Construir | Palisade Wall |
| 11:33 | Edad | Edad Feudal |
| 11:45 | Construir | Palisade Wall |
| 12:04 | Construir | Palisade Wall |
| 12:14 | Construir | Palisade Wall |
| 12:27 | Construir | Mining Camp |
| 12:43 | Investigar | Loom |
| 13:17 | Construir | Watch Tower |
| 13:27 | Construir | Watch Tower |
| 13:34 | Construir | Stone Wall |
| 13:45 | Construir | Stone Wall |
| 14:04 | Construir | Blacksmith |
| 14:24 | Construir | Gate |
| 14:52 | Construir | Mining Camp |
| 15:57 | Construir | Stone Wall |
| 16:12 | Crear | Villager (Male) |
| 16:13 | Crear | Villager (Male) |
| 16:13 | Crear | Villager (Male) |
| 16:30 | Construir | Lumber Camp |
| 17:22 | Crear | Villager (Male) |
| 17:58 | Construir | Market |
| 18:25 | Investigar | Castle Age |
| 18:43 | Construir | Mining Camp |
| 18:59 | Construir | House |
| 19:10 | Construir | House |
| 19:41 | Construir | Mining Camp |
| 20:05 | Construir | Mining Camp |
| 21:05 | Edad | Edad de los Castillos |
| 21:13 | Construir | Castle |
| 22:28 | Construir | Town Center |
| 23:01 | Crear | Villager (Male) |
| 23:02 | Crear | Villager (Male) |
| 23:04 | Crear | Villager (Male) |
| 23:04 | Crear | Villager (Male) |
| 23:55 | Construir | Siege Workshop |
| 23:59 | Construir | Farm |
| 24:35 | Construir | Farm |
| 24:48 | Construir | Farm |
| 24:52 | Crear | Villager (Male) |
| 25:09 | Crear | Mangonel |
| 25:25 | Construir | Farm |
| 26:09 | Construir | Castle |
| 26:30 | Crear | Battering Ram |
| 27:26 | Construir | Farm |
| 27:27 | Crear | Villager (Male) |
| 27:29 | Crear | Villager (Male) |
| 27:30 | Crear | Villager (Male) |
| 27:49 | Construir | Farm |
| 27:50 | Crear | Villager (Male) |
| 28:05 | Construir | Farm |
| 28:10 | Construir | Farm |
| 29:19 | Construir | Stone Wall |
| 29:51 | Construir | Farm |
| 34:37 | Construir | Town Center |
| 35:56 | Crear | Villager (Male) |
| 35:57 | Crear | Villager (Male) |
| 35:57 | Crear | Villager (Male) |
| 35:58 | Crear | Villager (Male) |
| 35:58 | Crear | Villager (Male) |
| 35:59 | Crear | Villager (Male) |
| 36:10 | Construir | Town Center |
| 36:13 | Crear | Villager (Male) |
| 36:14 | Crear | Villager (Male) |
| 36:14 | Crear | Villager (Male) |
| 37:10 | Construir | Town Center |
| 37:19 | Construir | House |
| 37:20 | Construir | House |
| 38:15 | Construir | House |
| 38:16 | Construir | House |
| 38:21 | Crear | Villager (Male) |
| 38:21 | Crear | Villager (Male) |
| 38:29 | Construir | Farm |
| 38:33 | Construir | Farm |
| 38:34 | Construir | Farm |
| 38:35 | Construir | Farm |
| 38:39 | Construir | Farm |
| 38:40 | Construir | Farm |
| 39:06 | Construir | House |
| 39:07 | Construir | House |
| 39:08 | Construir | House |
| 39:10 | Construir | House |
| 39:11 | Construir | House |
| 39:13 | Construir | House |
| 39:16 | Construir | House |
| 39:17 | Construir | House |
| 39:19 | Construir | House |
Build order — 网恋被骗50块
Primeras 150 de 495 acciones detectadas
| 0:03 | Crear | Villager (Male) |
| 0:04 | Crear | Villager (Male) |
| 0:04 | Crear | Villager (Male) |
| 0:04 | Crear | Villager (Male) |
| 0:06 | Construir | House |
| 1:08 | Construir | House |
| 1:09 | Construir | House |
| 1:10 | Construir | House |
| 1:11 | Construir | House |
| 1:20 | Crear | Villager (Male) |
| 1:42 | Crear | Villager (Male) |
| 2:16 | Crear | Villager (Male) |
| 2:16 | Crear | Villager (Male) |
| 2:37 | Crear | Villager (Male) |
| 2:57 | Crear | Villager (Male) |
| 2:57 | Crear | Villager (Male) |
| 3:43 | Crear | Villager (Male) |
| 4:03 | Crear | Villager (Male) |
| 4:03 | Crear | Villager (Male) |
| 4:08 | Construir | Lumber Camp |
| 4:17 | Crear | Villager (Male) |
| 4:17 | Crear | Villager (Male) |
| 4:17 | Crear | Villager (Male) |
| 4:17 | Crear | Villager (Male) |
| 4:35 | Crear | Villager (Male) |
| 4:59 | Crear | Villager (Male) |
| 5:01 | Investigar | Loom |
| 5:49 | Construir | Mill |
| 5:52 | Crear | Villager (Male) |
| 5:52 | Crear | Villager (Male) |
| 5:54 | Crear | Villager (Male) |
| 6:39 | Crear | Villager (Male) |
| 6:54 | Crear | Villager (Male) |
| 7:57 | Crear | Villager (Male) |
| 7:57 | Crear | Villager (Male) |
| 8:12 | Construir | Mill |
| 8:44 | Crear | Villager (Male) |
| 9:01 | Construir | Mining Camp |
| 9:07 | Investigar | Feudal Age |
| 9:55 | Construir | Palisade Wall |
| 10:20 | Construir | Mill |
| 10:36 | Crear | Villager (Male) |
| 10:36 | Crear | Villager (Male) |
| 11:23 | Edad | Edad Feudal |
| 11:26 | Construir | Blacksmith |
| 11:29 | Construir | Market |
| 12:23 | Investigar | Castle Age |
| 13:02 | Investigar | Double-Bit Axe |
| 13:47 | Construir | House |
| 14:19 | Construir | House |
| 14:21 | Construir | House |
| 14:22 | Construir | House |
| 14:23 | Construir | House |
| 14:59 | Crear | Villager (Male) |
| 14:59 | Crear | Villager (Male) |
| 15:03 | Edad | Edad de los Castillos |
| 15:08 | Construir | Town Center |
| 15:16 | Construir | Town Center |
| 15:21 | Crear | Villager (Male) |
| 15:26 | Construir | House |
| 15:33 | Construir | House |
| 15:39 | Construir | House |
| 15:53 | Construir | Mill |
| 16:09 | Construir | House |
| 16:16 | Construir | House |
| 16:32 | Construir | House |
| 16:43 | Construir | Monastery |
| 16:45 | Crear | Villager (Male) |
| 16:46 | Crear | Villager (Male) |
| 16:48 | Crear | Villager (Male) |
| 16:48 | Crear | Villager (Male) |
| 16:58 | Construir | House |
| 17:00 | Construir | House |
| 17:01 | Construir | House |
| 17:01 | Construir | House |
| 17:02 | Construir | House |
| 17:03 | Construir | House |
| 17:05 | Crear | Villager (Male) |
| 17:05 | Crear | Villager (Male) |
| 17:12 | Crear | Villager (Male) |
| 17:14 | Crear | Villager (Male) |
| 17:19 | Investigar | Bow Saw |
| 17:30 | Crear | Monk |
| 17:50 | Construir | Mining Camp |
| 17:52 | Crear | Villager (Male) |
| 17:52 | Crear | Villager (Male) |
| 17:53 | Crear | Villager (Male) |
| 17:56 | Construir | Farm |
| 17:57 | Construir | Farm |
| 18:01 | Construir | Farm |
| 18:08 | Crear | Villager (Male) |
| 18:08 | Crear | Villager (Male) |
| 18:25 | Construir | Farm |
| 18:29 | Construir | Farm |
| 18:31 | Construir | Farm |
| 18:33 | Investigar | Horse Collar |
| 18:34 | Crear | Villager (Male) |
| 18:40 | Crear | Monk |
| 18:53 | Crear | Villager (Male) |
| 18:54 | Crear | Villager (Male) |
| 19:00 | Construir | Farm |
| 19:03 | Construir | Farm |
| 19:05 | Construir | Farm |
| 19:10 | Crear | Villager (Male) |
| 19:15 | Construir | Farm |
| 19:16 | Construir | Farm |
| 19:22 | Construir | Farm |
| 19:25 | Crear | Villager (Male) |
| 19:26 | Crear | Villager (Male) |
| 19:27 | Crear | Villager (Male) |
| 19:37 | Construir | Farm |
| 19:38 | Construir | Farm |
| 19:39 | Construir | Farm |
| 19:43 | Construir | Farm |
| 19:47 | Construir | Farm |
| 19:48 | Construir | Farm |
| 19:51 | Crear | Villager (Male) |
| 19:52 | Crear | Villager (Male) |
| 20:04 | Crear | Monk |
| 20:10 | Crear | Villager (Male) |
| 20:10 | Crear | Villager (Male) |
| 20:11 | Crear | Villager (Male) |
| 20:22 | Construir | Farm |
| 20:23 | Construir | Farm |
| 20:35 | Construir | Farm |
| 20:36 | Construir | Farm |
| 20:38 | Construir | Farm |
| 20:40 | Construir | Farm |
| 20:41 | Construir | Farm |
| 20:44 | Crear | Villager (Male) |
| 20:44 | Crear | Villager (Male) |
| 20:45 | Crear | Villager (Male) |
| 20:45 | Crear | Villager (Male) |
| 21:13 | Crear | Villager (Male) |
| 21:13 | Crear | Villager (Male) |
| 21:14 | Crear | Villager (Male) |
| 21:18 | Construir | Farm |
| 21:24 | Construir | Farm |
| 21:30 | Construir | Farm |
| 21:33 | Construir | Farm |
| 21:35 | Construir | Farm |
| 21:36 | Construir | Farm |
| 21:39 | Crear | Villager (Male) |
| 21:40 | Crear | Villager (Male) |
| 21:40 | Crear | Villager (Male) |
| 21:48 | Construir | Farm |
| 21:49 | Construir | Farm |
| 21:51 | Construir | Farm |
| 21:53 | Crear | Villager (Male) |
| 21:53 | Crear | Villager (Male) |
Build order — 交给我坐中
Primeras 150 de 376 acciones detectadas
| 0:18 | Crear | Villager (Male) |
| 0:18 | Crear | Villager (Male) |
| 0:19 | Crear | Villager (Male) |
| 0:19 | Crear | Villager (Male) |
| 0:22 | Construir | House |
| 0:24 | Construir | House |
| 1:55 | Crear | Villager (Male) |
| 2:16 | Crear | Villager (Male) |
| 2:42 | Crear | Villager (Male) |
| 2:53 | Construir | Lumber Camp |
| 3:02 | Crear | Villager (Male) |
| 3:02 | Crear | Villager (Male) |
| 3:49 | Crear | Villager (Male) |
| 3:50 | Crear | Villager (Male) |
| 4:23 | Construir | House |
| 4:25 | Construir | House |
| 4:32 | Crear | Villager (Male) |
| 4:34 | Crear | Villager (Male) |
| 4:55 | Crear | Villager (Male) |
| 5:27 | Construir | Mill |
| 5:39 | Crear | Villager (Male) |
| 5:51 | Crear | Villager (Male) |
| 5:51 | Crear | Villager (Male) |
| 6:32 | Crear | Villager (Male) |
| 6:33 | Crear | Villager (Male) |
| 7:02 | Construir | Mining Camp |
| 8:23 | Investigar | Feudal Age |
| 8:23 | Investigar | Feudal Age |
| 10:27 | Crear | Villager (Male) |
| 10:27 | Crear | Villager (Male) |
| 10:33 | Edad | Edad Feudal |
| 10:39 | Construir | Market |
| 10:43 | Construir | Blacksmith |
| 11:40 | Investigar | Castle Age |
| 11:40 | Investigar | Castle Age |
| 11:43 | Investigar | Double-Bit Axe |
| 13:33 | Construir | Farm |
| 13:36 | Construir | Farm |
| 13:39 | Construir | Farm |
| 13:51 | Construir | House |
| 13:52 | Construir | House |
| 14:20 | Edad | Edad de los Castillos |
| 14:26 | Construir | Town Center |
| 14:30 | Construir | Town Center |
| 14:36 | Crear | Villager (Male) |
| 14:37 | Crear | Villager (Male) |
| 15:01 | Investigar | Bow Saw |
| 15:05 | Construir | Farm |
| 15:19 | Crear | Villager (Male) |
| 15:33 | Construir | Farm |
| 15:48 | Crear | Villager (Male) |
| 16:04 | Crear | Villager (Male) |
| 16:11 | Construir | Farm |
| 16:18 | Construir | Farm |
| 16:19 | Crear | Villager (Male) |
| 16:24 | Crear | Villager (Male) |
| 16:29 | Construir | Farm |
| 16:34 | Construir | Farm |
| 16:40 | Construir | Farm |
| 16:45 | Construir | Farm |
| 16:45 | Crear | Villager (Male) |
| 16:46 | Crear | Villager (Male) |
| 16:51 | Construir | Farm |
| 16:55 | Construir | Farm |
| 16:57 | Construir | Farm |
| 17:09 | Crear | Villager (Male) |
| 17:26 | Construir | Farm |
| 17:30 | Crear | Villager (Male) |
| 17:31 | Crear | Villager (Male) |
| 17:41 | Construir | Farm |
| 17:49 | Crear | Villager (Male) |
| 18:00 | Construir | Farm |
| 18:03 | Construir | Farm |
| 18:05 | Construir | Farm |
| 18:07 | Construir | Farm |
| 18:14 | Crear | Villager (Male) |
| 18:16 | Crear | Villager (Male) |
| 18:16 | Crear | Villager (Male) |
| 18:20 | Construir | Farm |
| 18:43 | Construir | House |
| 18:47 | Construir | House |
| 18:49 | Construir | House |
| 18:50 | Construir | House |
| 18:51 | Crear | Villager (Male) |
| 18:51 | Crear | Villager (Male) |
| 18:52 | Crear | Villager (Male) |
| 18:52 | Crear | Villager (Male) |
| 18:55 | Construir | Farm |
| 19:00 | Construir | Farm |
| 19:15 | Crear | Villager (Male) |
| 19:20 | Crear | Villager (Male) |
| 19:23 | Construir | Farm |
| 19:23 | Crear | Villager (Male) |
| 19:26 | Construir | Farm |
| 19:27 | Crear | Villager (Male) |
| 19:41 | Construir | Monastery |
| 19:43 | Crear | Villager (Male) |
| 19:46 | Construir | Farm |
| 19:47 | Crear | Villager (Male) |
| 19:51 | Construir | Farm |
| 19:51 | Crear | Villager (Male) |
| 19:51 | Crear | Villager (Male) |
| 19:55 | Crear | Villager (Male) |
| 20:03 | Investigar | Wheelbarrow |
| 20:03 | Investigar | Wheelbarrow |
| 20:16 | Construir | Farm |
| 20:16 | Crear | Villager (Male) |
| 20:20 | Construir | Farm |
| 20:28 | Crear | Monk |
| 20:31 | Crear | Villager (Male) |
| 20:31 | Crear | Villager (Male) |
| 20:58 | Construir | Town Center |
| 21:02 | Crear | Villager (Male) |
| 21:11 | Crear | Villager (Male) |
| 21:11 | Crear | Villager (Male) |
| 21:40 | Crear | Villager (Male) |
| 21:40 | Crear | Villager (Male) |
| 21:45 | Crear | Villager (Male) |
| 22:03 | Construir | Mill |
| 22:04 | Construir | Farm |
| 22:04 | Construir | Farm |
| 22:05 | Construir | Farm |
| 22:05 | Construir | Farm |
| 22:07 | Construir | Farm |
| 22:07 | Construir | Farm |
| 22:08 | Construir | Farm |
| 22:17 | Crear | Villager (Male) |
| 22:18 | Crear | Villager (Male) |
| 22:18 | Crear | Villager (Male) |
| 22:19 | Crear | Villager (Male) |
| 22:19 | Crear | Villager (Male) |
| 23:04 | Crear | Villager (Male) |
| 23:04 | Crear | Villager (Male) |
| 23:05 | Crear | Villager (Male) |
| 23:05 | Crear | Villager (Male) |
| 23:06 | Crear | Villager (Male) |
| 23:06 | Crear | Villager (Male) |
| 23:11 | Construir | Farm |
| 23:11 | Construir | Farm |
| 23:11 | Construir | Farm |
| 23:11 | Construir | Farm |
| 23:12 | Construir | Farm |
| 23:13 | Construir | Farm |
| 23:14 | Construir | Farm |
| 23:19 | Construir | House |
| 23:19 | Construir | House |
| 23:21 | Construir | House |
| 23:21 | Construir | House |
| 23:45 | Construir | Farm |
| 23:46 | Construir | Farm |
Build order — ojwe
Primeras 150 de 513 acciones detectadas
| 0:01 | Crear | Villager (Male) |
| 0:01 | Crear | Villager (Male) |
| 0:04 | Construir | House |
| 0:05 | Construir | House |
| 0:11 | Crear | Villager (Male) |
| 0:11 | Crear | Villager (Male) |
| 1:39 | Crear | Villager (Male) |
| 2:05 | Crear | Villager (Male) |
| 2:33 | Crear | Villager (Male) |
| 2:53 | Crear | Villager (Male) |
| 2:58 | Construir | Lumber Camp |
| 3:12 | Crear | Villager (Male) |
| 3:12 | Crear | Villager (Male) |
| 3:12 | Crear | Villager (Male) |
| 3:31 | Crear | Villager (Male) |
| 3:31 | Crear | Villager (Male) |
| 3:51 | Construir | House |
| 3:57 | Construir | House |
| 4:05 | Crear | Villager (Male) |
| 4:06 | Crear | Villager (Male) |
| 4:06 | Crear | Villager (Male) |
| 4:57 | Crear | Villager (Male) |
| 4:57 | Crear | Villager (Male) |
| 5:04 | Crear | Villager (Male) |
| 5:05 | Crear | Villager (Male) |
| 5:22 | Construir | Mill |
| 5:43 | Crear | Villager (Male) |
| 5:56 | Construir | House |
| 6:31 | Crear | Villager (Male) |
| 6:31 | Crear | Villager (Male) |
| 6:35 | Crear | Villager (Male) |
| 6:43 | Construir | Farm |
| 6:44 | Crear | Villager (Male) |
| 6:51 | Construir | Farm |
| 7:12 | Crear | Villager (Male) |
| 7:36 | Crear | Villager (Male) |
| 7:58 | Construir | Mill |
| 8:38 | Construir | Farm |
| 8:39 | Construir | Farm |
| 8:42 | Investigar | Feudal Age |
| 9:18 | Construir | Farm |
| 10:35 | Crear | Villager (Male) |
| 10:36 | Crear | Villager (Male) |
| 10:51 | Construir | House |
| 10:58 | Edad | Edad Feudal |
| 11:03 | Construir | Market |
| 11:37 | Construir | Blacksmith |
| 11:51 | Crear | Villager (Male) |
| 12:16 | Investigar | Castle Age |
| 12:16 | Investigar | Castle Age |
| 13:23 | Investigar | Double-Bit Axe |
| 13:23 | Investigar | Double-Bit Axe |
| 13:24 | Investigar | Horse Collar |
| 13:49 | Construir | Farm |
| 14:18 | Crear | Villager (Male) |
| 14:24 | Construir | House |
| 15:01 | Edad | Edad de los Castillos |
| 15:03 | Crear | Villager (Male) |
| 15:06 | Construir | Town Center |
| 15:12 | Construir | Town Center |
| 15:23 | Crear | Villager (Male) |
| 15:25 | Investigar | Bow Saw |
| 15:29 | Crear | Villager (Male) |
| 15:31 | Construir | Farm |
| 15:32 | Construir | Farm |
| 15:33 | Construir | Farm |
| 15:46 | Crear | Villager (Male) |
| 15:48 | Construir | Farm |
| 16:01 | Crear | Villager (Male) |
| 16:22 | Crear | Villager (Male) |
| 16:24 | Construir | Farm |
| 16:25 | Construir | Farm |
| 16:28 | Construir | Farm |
| 16:32 | Construir | Farm |
| 16:35 | Crear | Villager (Male) |
| 16:45 | Crear | Villager (Male) |
| 16:51 | Crear | Villager (Male) |
| 16:58 | Crear | Villager (Male) |
| 17:01 | Crear | Villager (Male) |
| 17:05 | Crear | Villager (Male) |
| 17:08 | Construir | Monastery |
| 17:11 | Crear | Villager (Male) |
| 17:16 | Construir | Farm |
| 17:19 | Construir | Farm |
| 17:22 | Crear | Villager (Male) |
| 17:33 | Construir | House |
| 17:38 | Crear | Villager (Male) |
| 17:40 | Construir | Farm |
| 17:42 | Crear | Villager (Male) |
| 17:55 | Crear | Monk |
| 17:55 | Crear | Monk |
| 18:04 | Construir | Farm |
| 18:05 | Construir | Farm |
| 18:07 | Crear | Villager (Male) |
| 18:11 | Construir | Farm |
| 18:13 | Crear | Villager (Male) |
| 18:18 | Construir | Farm |
| 18:19 | Crear | Villager (Male) |
| 18:26 | Construir | House |
| 18:33 | Crear | Villager (Male) |
| 18:45 | Crear | Villager (Male) |
| 18:45 | Crear | Villager (Male) |
| 18:56 | Crear | Villager (Male) |
| 18:59 | Construir | House |
| 19:01 | Crear | Villager (Male) |
| 19:13 | Crear | Villager (Male) |
| 19:17 | Crear | Monk |
| 19:17 | Crear | Monk |
| 19:24 | Crear | Villager (Male) |
| 19:24 | Crear | Villager (Male) |
| 19:27 | Construir | Town Center |
| 19:29 | Crear | Villager (Male) |
| 19:36 | Crear | Villager (Male) |
| 19:39 | Construir | House |
| 19:42 | Construir | House |
| 19:49 | Crear | Villager (Male) |
| 19:50 | Crear | Villager (Male) |
| 19:57 | Crear | Villager (Male) |
| 20:00 | Construir | Farm |
| 20:04 | Crear | Villager (Male) |
| 20:05 | Crear | Villager (Male) |
| 20:07 | Construir | Farm |
| 20:10 | Construir | Farm |
| 20:12 | Construir | Farm |
| 20:28 | Crear | Villager (Male) |
| 20:41 | Crear | Villager (Male) |
| 20:43 | Crear | Villager (Male) |
| 20:43 | Construir | Farm |
| 20:47 | Construir | House |
| 21:02 | Crear | Villager (Male) |
| 21:02 | Crear | Villager (Male) |
| 21:03 | Crear | Monk |
| 21:04 | Crear | Villager (Male) |
| 21:05 | Crear | Villager (Male) |
| 21:08 | Construir | Farm |
| 21:15 | Crear | Villager (Male) |
| 21:19 | Construir | Town Center |
| 21:20 | Crear | Villager (Male) |
| 21:23 | Construir | Farm |
| 21:24 | Construir | Farm |
| 21:25 | Construir | Farm |
| 21:26 | Crear | Villager (Male) |
| 21:36 | Crear | Monk |
| 21:40 | Crear | Villager (Male) |
| 21:50 | Construir | Farm |
| 21:50 | Construir | Farm |
| 21:50 | Construir | Farm |
| 21:50 | Construir | Farm |
| 21:50 | Construir | Farm |
| 21:51 | Construir | Farm |
Build order — BiasIce6620
Primeras 150 de 280 acciones detectadas
| 0:02 | Crear | Villager (Male) |
| 0:02 | Crear | Villager (Male) |
| 0:02 | Crear | Villager (Male) |
| 0:02 | Crear | Villager (Male) |
| 0:02 | Crear | Villager (Male) |
| 0:04 | Construir | House |
| 0:07 | Construir | House |
| 1:28 | Crear | Villager (Male) |
| 1:29 | Crear | Villager (Male) |
| 1:52 | Construir | Lumber Camp |
| 2:02 | Crear | Villager (Male) |
| 2:17 | Crear | Villager (Male) |
| 2:49 | Crear | Villager (Male) |
| 3:05 | Crear | Villager (Male) |
| 3:43 | Crear | Villager (Male) |
| 4:01 | Construir | House |
| 4:02 | Construir | House |
| 4:16 | Crear | Villager (Male) |
| 4:16 | Crear | Villager (Male) |
| 4:24 | Crear | Villager (Male) |
| 4:34 | Construir | House |
| 4:57 | Construir | Mill |
| 5:01 | Construir | House |
| 5:05 | Crear | Villager (Male) |
| 5:05 | Crear | Villager (Male) |
| 5:13 | Crear | Villager (Male) |
| 5:13 | Crear | Villager (Male) |
| 5:29 | Construir | House |
| 5:52 | Crear | Villager (Male) |
| 5:52 | Crear | Villager (Male) |
| 6:12 | Crear | Villager (Male) |
| 6:12 | Crear | Villager (Male) |
| 6:37 | Crear | Villager (Male) |
| 6:37 | Crear | Villager (Male) |
| 6:54 | Construir | Lumber Camp |
| 6:59 | Crear | Villager (Male) |
| 7:00 | Crear | Villager (Male) |
| 7:43 | Construir | Mill |
| 7:55 | Crear | Villager (Male) |
| 7:56 | Crear | Villager (Male) |
| 8:41 | Crear | Villager (Male) |
| 9:10 | Investigar | Feudal Age |
| 9:53 | Construir | Mining Camp |
| 10:11 | Construir | Farm |
| 10:12 | Construir | Farm |
| 10:13 | Construir | Farm |
| 10:14 | Construir | Farm |
| 10:18 | Construir | Farm |
| 10:30 | Crear | Villager (Male) |
| 10:30 | Crear | Villager (Male) |
| 10:32 | Crear | Villager (Male) |
| 10:33 | Investigar | Loom |
| 11:11 | Construir | Farm |
| 12:02 | Construir | Market |
| 12:05 | Construir | Blacksmith |
| 12:17 | Construir | Mining Camp |
| 13:20 | Investigar | Castle Age |
| 13:22 | Investigar | Double-Bit Axe |
| 13:23 | Investigar | Horse Collar |
| 13:46 | Investigar | Padded Archer Armor |
| 14:50 | Investigar | Stone Mining |
| 14:50 | Investigar | Gold Mining |
| 15:27 | Investigar | Fletching |
| 15:51 | Crear | Villager (Male) |
| 15:51 | Crear | Villager (Male) |
| 16:40 | Construir | Castle |
| 16:46 | Crear | Villager (Male) |
| 17:01 | Construir | Barracks |
| 17:05 | Crear | Villager (Male) |
| 17:11 | Construir | House |
| 17:11 | Construir | House |
| 17:12 | Construir | House |
| 17:12 | Construir | House |
| 17:13 | Construir | House |
| 17:13 | Construir | House |
| 17:13 | Construir | House |
| 17:13 | Construir | House |
| 17:22 | Construir | House |
| 17:24 | Construir | House |
| 17:31 | Investigar | Wheelbarrow |
| 18:46 | Construir | Siege Workshop |
| 18:47 | Crear | Genoese Crossbowman |
| 18:48 | Crear | Genoese Crossbowman |
| 18:48 | Crear | Genoese Crossbowman |
| 18:49 | Crear | Genoese Crossbowman |
| 18:49 | Crear | Genoese Crossbowman |
| 18:49 | Crear | Genoese Crossbowman |
| 18:54 | Investigar | Bow Saw |
| 19:06 | Crear | Genoese Crossbowman |
| 19:06 | Crear | Genoese Crossbowman |
| 19:20 | Crear | Genoese Crossbowman |
| 19:25 | Crear | Battering Ram |
| 19:28 | Crear | Mangonel |
| 19:33 | Crear | Villager (Male) |
| 19:33 | Crear | Villager (Male) |
| 19:51 | Crear | Genoese Crossbowman |
| 20:51 | Crear | Genoese Crossbowman |
| 20:51 | Crear | Genoese Crossbowman |
| 20:59 | Investigar | Bodkin Arrow |
| 21:00 | Crear | Villager (Male) |
| 21:00 | Crear | Villager (Male) |
| 21:11 | Construir | Farm |
| 21:12 | Construir | Farm |
| 21:14 | Construir | Farm |
| 21:45 | Crear | Genoese Crossbowman |
| 21:45 | Crear | Genoese Crossbowman |
| 21:54 | Crear | Villager (Male) |
| 21:54 | Crear | Villager (Male) |
| 22:16 | Crear | Battering Ram |
| 22:27 | Crear | Villager (Male) |
| 22:40 | Construir | Lumber Camp |
| 22:52 | Crear | Petard |
| 22:58 | Crear | Battering Ram |
| 23:09 | Crear | Villager (Male) |
| 23:11 | Crear | Villager (Male) |
| 24:17 | Crear | Battering Ram |
| 24:17 | Crear | Battering Ram |
| 24:53 | Investigar | Hand Cart |
| 24:54 | Crear | Villager (Male) |
| 24:54 | Crear | Villager (Male) |
| 24:57 | Construir | Farm |
| 25:20 | Crear | Villager (Male) |
| 25:21 | Crear | Villager (Male) |
| 25:23 | Construir | Farm |
| 25:26 | Construir | Farm |
| 25:26 | Construir | Farm |
| 25:27 | Construir | Farm |
| 25:27 | Construir | Farm |
| 25:27 | Construir | Farm |
| 25:28 | Construir | Farm |
| 25:28 | Construir | Farm |
| 25:49 | Investigar | Arson |
| 26:11 | Crear | Genoese Crossbowman |
| 26:11 | Crear | Genoese Crossbowman |
| 26:12 | Crear | Genoese Crossbowman |
| 26:12 | Crear | Genoese Crossbowman |
| 26:13 | Crear | Genoese Crossbowman |
| 26:13 | Crear | Genoese Crossbowman |
| 26:13 | Crear | Genoese Crossbowman |
| 26:53 | Crear | Genoese Crossbowman |
| 26:54 | Crear | Genoese Crossbowman |
| 27:17 | Crear | Villager (Male) |
| 27:20 | Investigar | Leather Archer Armor |
| 27:26 | Construir | Farm |
| 27:26 | Construir | Farm |
| 27:27 | Construir | Farm |
| 27:27 | Construir | Farm |
| 27:27 | Construir | Farm |
| 27:27 | Construir | Farm |
| 27:28 | Construir | Farm |
Build order — 阿蒙
Primeras 150 de 442 acciones detectadas
| 0:03 | Crear | Villager (Male) |
| 0:03 | Crear | Villager (Male) |
| 0:04 | Crear | Villager (Male) |
| 0:05 | Construir | House |
| 0:07 | Construir | House |
| 0:13 | Crear | Villager (Male) |
| 1:35 | Crear | Villager (Male) |
| 2:03 | Construir | Lumber Camp |
| 2:03 | Crear | Villager (Male) |
| 2:04 | Crear | Villager (Male) |
| 2:30 | Crear | Villager (Male) |
| 2:30 | Crear | Villager (Male) |
| 2:57 | Crear | Villager (Male) |
| 2:57 | Crear | Villager (Male) |
| 3:23 | Crear | Villager (Male) |
| 3:23 | Crear | Villager (Male) |
| 3:41 | Construir | House |
| 3:50 | Crear | Villager (Male) |
| 3:50 | Crear | Villager (Male) |
| 4:00 | Construir | House |
| 4:30 | Crear | Villager (Male) |
| 4:30 | Crear | Villager (Male) |
| 5:02 | Construir | Mill |
| 5:24 | Crear | Villager (Male) |
| 5:48 | Crear | Villager (Male) |
| 5:49 | Crear | Villager (Male) |
| 5:49 | Crear | Villager (Male) |
| 6:10 | Construir | Farm |
| 6:14 | Construir | Farm |
| 6:40 | Crear | Villager (Male) |
| 7:21 | Crear | Villager (Male) |
| 7:47 | Investigar | Feudal Age |
| 9:48 | Crear | Villager (Male) |
| 9:49 | Crear | Villager (Male) |
| 10:08 | Edad | Edad Feudal |
| 10:14 | Construir | Market |
| 10:17 | Construir | Blacksmith |
| 11:06 | Investigar | Castle Age |
| 11:06 | Investigar | Castle Age |
| 11:08 | Investigar | Double-Bit Axe |
| 11:44 | Investigar | Horse Collar |
| 12:17 | Construir | Farm |
| 12:19 | Construir | Farm |
| 12:33 | Construir | Farm |
| 13:28 | Construir | Farm |
| 13:42 | Crear | Villager (Male) |
| 13:46 | Edad | Edad de los Castillos |
| 13:53 | Construir | Town Center |
| 13:59 | Construir | Town Center |
| 14:04 | Crear | Villager (Male) |
| 14:05 | Investigar | Bow Saw |
| 14:16 | Investigar | Loom |
| 14:19 | Construir | House |
| 14:25 | Construir | House |
| 14:26 | Construir | House |
| 14:42 | Investigar | Town Watch |
| 14:59 | Investigar | Heavy Plow |
| 15:06 | Crear | Villager (Male) |
| 15:15 | Construir | Farm |
| 15:26 | Construir | House |
| 15:27 | Crear | Villager (Male) |
| 15:37 | Crear | Villager (Male) |
| 15:37 | Crear | Villager (Male) |
| 15:51 | Crear | Villager (Male) |
| 16:01 | Construir | House |
| 16:04 | Crear | Villager (Male) |
| 16:08 | Construir | Farm |
| 16:12 | Crear | Villager (Male) |
| 16:16 | Construir | Farm |
| 16:19 | Construir | Farm |
| 16:22 | Construir | Farm |
| 16:25 | Construir | Farm |
| 16:27 | Crear | Villager (Male) |
| 16:27 | Crear | Villager (Male) |
| 16:28 | Crear | Villager (Male) |
| 16:37 | Construir | House |
| 16:46 | Crear | Villager (Male) |
| 16:49 | Construir | Farm |
| 16:52 | Construir | Farm |
| 16:55 | Crear | Villager (Male) |
| 16:59 | Construir | Farm |
| 17:00 | Crear | Villager (Male) |
| 17:04 | Construir | Farm |
| 17:17 | Construir | Farm |
| 17:19 | Crear | Villager (Male) |
| 17:29 | Construir | House |
| 17:35 | Crear | Villager (Male) |
| 17:40 | Crear | Villager (Male) |
| 17:48 | Crear | Villager (Male) |
| 17:48 | Crear | Villager (Male) |
| 17:52 | Construir | Farm |
| 17:57 | Construir | Farm |
| 17:59 | Crear | Villager (Male) |
| 18:03 | Construir | Farm |
| 18:07 | Construir | Farm |
| 18:09 | Crear | Villager (Male) |
| 18:10 | Crear | Villager (Male) |
| 18:19 | Crear | Villager (Male) |
| 18:19 | Crear | Villager (Male) |
| 18:31 | Crear | Villager (Male) |
| 18:38 | Construir | Farm |
| 18:43 | Construir | Farm |
| 18:44 | Crear | Villager (Male) |
| 18:44 | Crear | Villager (Male) |
| 18:49 | Crear | Villager (Male) |
| 19:02 | Construir | Town Center |
| 19:07 | Crear | Villager (Male) |
| 19:07 | Crear | Villager (Male) |
| 19:08 | Crear | Villager (Male) |
| 19:15 | Crear | Villager (Male) |
| 19:17 | Construir | Farm |
| 19:25 | Construir | House |
| 19:28 | Construir | House |
| 19:33 | Crear | Villager (Male) |
| 19:34 | Crear | Villager (Male) |
| 19:34 | Crear | Villager (Male) |
| 19:40 | Construir | Mining Camp |
| 19:50 | Construir | Farm |
| 19:53 | Crear | Villager (Male) |
| 19:53 | Crear | Villager (Male) |
| 19:54 | Crear | Villager (Male) |
| 20:17 | Construir | Monastery |
| 20:18 | Crear | Villager (Male) |
| 20:18 | Crear | Villager (Male) |
| 20:22 | Crear | Villager (Male) |
| 20:24 | Crear | Villager (Male) |
| 20:28 | Construir | Farm |
| 20:30 | Construir | Farm |
| 20:32 | Construir | Farm |
| 20:36 | Construir | Farm |
| 20:40 | Crear | Villager (Male) |
| 20:43 | Crear | Villager (Male) |
| 20:50 | Crear | Villager (Male) |
| 20:50 | Crear | Villager (Male) |
| 20:51 | Crear | Villager (Male) |
| 21:07 | Construir | Siege Workshop |
| 21:10 | Crear | Villager (Male) |
| 21:10 | Crear | Villager (Male) |
| 21:14 | Crear | Villager (Male) |
| 21:14 | Crear | Villager (Male) |
| 21:15 | Crear | Villager (Male) |
| 21:26 | Construir | Farm |
| 21:32 | Investigar | Fletching |
| 21:32 | Investigar | Fletching |
| 21:33 | Investigar | Padded Archer Armor |
| 21:50 | Construir | Barracks |
| 21:52 | Crear | Villager (Male) |
| 21:53 | Crear | Villager (Male) |
| 22:01 | Crear | Villager (Male) |
| 22:02 | Crear | Villager (Male) |
Cronología de la partida
| 9:00 | Yo win · age_up feudal |
| 9:55 | 网恋被骗50块 · wall_segment Palisade Wall x1 |
| 9:57 | 送你一朵小花花 · wall_segment Palisade Wall x14 |
| 10:08 | 287840580 · age_up feudal |
| 10:08 | 阿蒙 · age_up feudal |
| 10:33 | 交给我坐中 · age_up feudal |
| 10:58 | ojwe · age_up feudal |
| 11:10 | 287840580 · first_market_sell 100 wood |
| 11:23 | 网恋被骗50块 · age_up feudal |
| 11:33 | 送你一朵小花花 · age_up feudal |
| 11:45 | 送你一朵小花花 · wall_segment Palisade Wall x11 |
| 12:04 | 送你一朵小花花 · wall_segment Palisade Wall x11 |
| 12:14 | 送你一朵小花花 · wall_segment Palisade Wall x3 |
| 13:34 | 送你一朵小花花 · wall_segment Stone Wall x6 |
| 13:36 | 287840580 · age_up castle |
| 13:45 | 送你一朵小花花 · wall_segment Stone Wall x3 |
| 13:46 | 阿蒙 · age_up castle |
| 14:20 | 交给我坐中 · age_up castle |
| 15:01 | ojwe · age_up castle |
| 15:03 | 网恋被骗50块 · age_up castle |
| 15:57 | 送你一朵小花花 · wall_segment Stone Wall x11 |
| 16:24 | 交给我坐中 · first_market_buy 100 food |
| 16:28 | BiasIce6620 · first_market_buy 100 stone |
| 16:40 | BiasIce6620 · first_building Castle |
| 16:43 | 网恋被骗50块 · first_building Monastery |
| 17:01 | BiasIce6620 · first_building Barracks |
| 17:08 | ojwe · first_building Monastery |
| 18:31 | Yo win · wall_segment Stone Wall x1 |
| 18:33 | Yo win · wall_segment Stone Wall x1 |
| 18:36 | Yo win · wall_segment Stone Wall x1 |
| 18:46 | BiasIce6620 · first_building Siege Workshop |
| 18:59 | BiasIce6620 · first_market_sell 100 wood |
| 19:41 | 交给我坐中 · first_building Monastery |
| 20:17 | 阿蒙 · first_building Monastery |
| 20:44 | Yo win · first_market_sell 100 wood |
| 20:46 | Yo win · first_market_buy 100 food |
| 21:05 | 送你一朵小花花 · age_up castle |
| 21:07 | 阿蒙 · first_building Siege Workshop |
| 21:13 | 送你一朵小花花 · first_building Castle |
| 21:20 | 阿蒙 · first_market_buy 100 food |
| 21:46 | Yo win · wall_segment Stone Wall x1 |
| 21:47 | Yo win · wall_segment Stone Wall x1 |
| 21:48 | Yo win · wall_segment Stone Wall x1 |
| 21:50 | 阿蒙 · first_building Barracks |
| 22:21 | 阿蒙 · first_building Archery Range |
| 22:58 | 送你一朵小花花 · first_market_buy 100 food |
| 23:26 | 287840580 · first_building Castle |
| 23:55 | 送你一朵小花花 · first_building Siege Workshop |
| 24:05 | Yo win · age_up castle |
| 24:05 | 交给我坐中 · first_market_sell 100 food |
| 24:20 | Yo win · first_building Barracks |
| 24:55 | ojwe · first_building Castle |
| 24:58 | 287840580 · first_building Barracks |
| 25:22 | 287840580 · first_building Stable |
| 25:27 | Yo win · first_building Castle |
| 26:17 | 交给我坐中 · first_building Barracks |
| 26:24 | ojwe · first_building Barracks |
| 27:04 | 交给我坐中 · first_building Castle |
| 27:13 | ojwe · first_building Archery Range |
| 27:44 | 网恋被骗50块 · first_building Barracks |
| 27:46 | 287840580 · age_up imperial |
| 27:49 | Yo win · first_building Siege Workshop |
| 28:27 | ojwe · first_building Stable |
| 28:37 | 网恋被骗50块 · first_building Castle |
| 28:37 | 交给我坐中 · first_building Stable |
| 28:52 | 交给我坐中 · age_up imperial |
| 29:11 | 网恋被骗50块 · age_up imperial |
| 29:17 | ojwe · age_up imperial |
| 29:19 | 送你一朵小花花 · wall_segment Stone Wall x7 |
| 29:19 | ojwe · wall_segment Stone Wall x1 |
| 29:50 | ojwe · wall_segment Stone Wall x1 |
| 29:58 | 网恋被骗50块 · first_building Stable |
| 31:22 | 阿蒙 · wall_segment Stone Wall x6 |
| 32:30 | ojwe · first_market_buy 100 wood |
| 32:40 | Yo win · first_building Archery Range |
| 33:06 | ojwe · first_market_sell 100 food |
| 33:31 | Yo win · age_up imperial |
| 34:33 | 阿蒙 · age_up imperial |
| 35:08 | 阿蒙 · wall_segment Stone Wall x1 |
| 35:22 | 网恋被骗50块 · first_market_sell 100 food |
| 35:46 | 阿蒙 · first_building Castle |
| 36:04 | 287840580 · tribute_sent a jugador 2 |
| 36:04 | 287840580 · tribute_sent a jugador 3 |
| 36:04 | 287840580 · tribute_sent a jugador 4 |
| 36:04 | 287840580 · tribute_sent a jugador 5 |
| 36:04 | 287840580 · tribute_sent a jugador 6 |
| 36:04 | 287840580 · tribute_sent a jugador 7 |
| 36:04 | 287840580 · tribute_sent a jugador 8 |
| 36:07 | 287840580 · first_building Archery Range |
| 36:54 | 网恋被骗50块 · first_building Archery Range |
| 39:25 | ojwe · resign |
[ ANÁLISIS IA · 1 CRÉDITO ]
¿Qué pasó realmente en esta partida?
Wolo.gg analiza cada decisión: build order, eco, micro, errores típicos por bracket. Análisis personalizado por WhatsApp o Discord en 30 segundos.
Guía civ
Teutones
Perfil
Jugador #1707921